 Seeded DCSS version 0.30-a0-743-gbfdf073431 (webtiles) character file.

Game seed: 5430720872467839093 (custom seed)

165 purpskrrrp the Sneak (level 5, -1/25 HPs)
             Began as a Spriggan Brigand on Feb 7, 2023.
             Slain by an orc
             ... wielding a +0 flail
              (2 damage)
             ... on level 2 of the Dungeon.
             The game lasted 00:05:40 (2345 turns).

purpskrrrp the Sneak (Spriggan Brigand)             Turns: 2345, Time: 00:05:41

Health: -1/25      AC:  3    Str: 13      XL:     5   Next: 22%
Magic:  6/6        EV: 18    Int: 12 (13) God:
Gold:   356        SH:  0    Dex: 18      Spells: 4/4 levels left

rFire   . . .      SeeInvis +    a - +2 dagger (flame)
rCold   + . .      Faith    .    (no shield)
rNeg    . . .      Spirit   .    b - +0 robe
rPois   .          Reflect  .    (helmet restricted)
rElec   .          Harm     .    c - +0 cloak
rCorr   .          Rampage  .    (gloves unavailable)
Will    +....                    (boots unavailable)
Stlth   ++++                     (no amulet)
HPRegen 0.24/turn                o - +6 ring of strength
MPRegen 0.10/turn                p - ring of protection from cold

@: studying 3 skills, very quick
A: very small, no large weapons, unfitting armour, see invisible, speed 3,
deterioration 1, frail 1, high MP 1, strong-willed 1
a: no special abilities


You were on level 2 of the Dungeon.
You visited 1 branch of the dungeon, and saw 3 of its levels.

You collected 783 gold pieces.
You spent 427 gold pieces at shops.

Inventory:

Hand Weapons
 a - a +2 dagger of flaming (weapon)
Missiles
 d - 7 poisoned darts
Armour
 b - a +0 robe (worn)
 c - a +0 cloak (worn)
Jewellery
 o - a +6 ring of strength (left hand)
 p - a ring of protection from cold (right hand)
Scrolls
 f - a scroll of poison {unknown}
 g - a scroll of immolation {unknown}
 h - 2 scrolls of amnesia
 i - 3 scrolls of enchant armour
 l - 2 scrolls of noise {unknown}
 n - a scroll of fear
 q - a scroll of fog {unknown}
 r - a scroll of blinking
Potions
 j - a potion of attraction
 k - 2 potions of curing
 m - a potion of degeneration {unknown}


   Skills:
 * Level 2.8 Fighting
 + Level 3.4 Short Blades
 - Level 2.0 Throwing
 + Level 3.5 Dodging
 + Level 7.0 Stealth


You had 4 spell levels left.
You didn't know any spells.
Your spell library was empty.

Dungeon Overview and Level Annotations

Branches:
Dungeon (3/15)

Altars:

Shops:
D:2 ?


Innate Abilities, Weirdness & Mutations

You are very small and have problems with some larger weapons.
You are too small for most types of armour.
You have supernaturally acute eyesight. (SInv)
You cover ground extremely quickly. (Speed+++)
Your body sometimes deteriorates upon taking damage.
You are frail. (-10% HP)
You have an increased reservoir of magic. (+10% MP)
You are strong-willed. (Will+)


Message History

You are too injured to fight recklessly!
You are too injured to fight recklessly!
You are too injured to fight recklessly!
The gnoll completely misses you. The orc barely misses you.
The orc completely misses you. The gnoll completely misses you.
The orc wizard hits you with a +0 dagger.
* * * LOW HITPOINT WARNING * * *
You climb upwards.
There is a stone staircase leading down here.
You hit the orc wizard. You burn the orc wizard.
The orc wizard is lightly wounded.
You hit the orc wizard. You burn the orc wizard.
The orc wizard is moderately wounded.
The orc wizard hits you but does no damage.
The gnoll misses you. The orc completely misses you.
You hit the orc wizard. You burn the orc wizard.
The orc wizard is heavily wounded.
The orc wizard closely misses you. The gnoll barely misses you.
The orc misses you.
You barely miss the orc wizard.
The orc wizard is heavily wounded.
The orc wizard closely misses you. The gnoll misses you. The orc misses you.
You hit the orc wizard but do no damage.
The orc wizard is heavily wounded.
The orc wizard completely misses you. The gnoll closely misses you.
The orc misses you.
You barely miss the orc wizard.
The orc wizard is heavily wounded.
You hit the orc wizard but do no damage.
The orc wizard is heavily wounded.
The orc wizard barely misses you. The gnoll misses you.
The orc closely misses you.
You hit the orc wizard but do no damage.
The orc wizard is heavily wounded.
The orc wizard hits you with a +0 dagger.
* * * LOW HITPOINT WARNING * * *
The gnoll hits you with a +0 club.
* * * LOW HITPOINT WARNING * * *
The orc hits you with a +0 flail.
You die...

..##########
##.#.######.##
.## #..## #.#
.## #.## #.#
###### ..# #.#
#.# #..... #.#
#.# #.# #[####
..# #.# #.#
#.# #.# #.#
#.# #.# ..#
#o########.#
#.# .##
#g@oo...##.#
#.# .#
#######>##.#
#.####
############
#.##.# #.....
#..........#
#(##.# ######
..########.#
#.##.# #
....######.###
###.##.# #
###..........#
#......# #
#..#####.#.#
#.#.#### #
###..# #.#.#
#.#.# #


You could see an orc wizard, a gnoll and 2 orcs.

Vanquished Creatures
  A necrophage (D:2)
  5 gnolls
  2 adders (D:2)
  3 bats
  5 endoplasms
  A giant cockroach (D:3)
  2 hobgoblins
  4 jackals (D:1)
  5 kobolds
  2 quokkas (D:1)
  4 ball pythons
  2 frilled lizards
  4 goblins
  3 rats
43 creatures vanquished.

Notes
Turn   | Place    | Note
-------+----------+-------------------------------------------
     0 | D:1      | purpskrrrp the Spriggan Brigand began the quest for the
                  | Orb.
     0 | D:1      | Reached XP level 1. HP: 10/10 MP: 2/2
    78 | D:1      | Reached skill level 6 in Stealth
   136 | D:1      | Reached XP level 2. HP: 15/15 MP: 3/3
   136 | D:1      | You fall into a shaft and drop 1 floor!
   995 | D:2      | Found Doddoiw's Magic Scroll Shoppe.
  1092 | D:2      | Noticed a necrophage
  1094 | D:2      | Killed a necrophage
  1095 | D:2      | Reached XP level 3. HP: 18/18 MP: 4/4
  1095 | D:2      | Reached XP level 4. HP: 23/23 MP: 5/5
  1633 | D:2      | Identified 4 scrolls of acquirement
  1633 | D:2      | Acquired a manual of Fighting
  1635 | D:2      | Acquired a manual of Invocations
  1637 | D:2      | Acquired 681 gold pieces
  1638 | D:2      | Acquired a manual of Armour
  1691 | D:2      | Bought a scroll of identify for 28 gold pieces
  1691 | D:2      | Bought a scroll of enchant armour for 105 gold pieces
  1691 | D:2      | Bought a scroll of enchant armour for 105 gold pieces
  1691 | D:2      | Bought a scroll of identify for 28 gold pieces
  1691 | D:2      | Bought a scroll of fear for 56 gold pieces
  1691 | D:2      | Bought a scroll of blinking for 105 gold pieces
  1694 | D:2      | Gained mutation: You are frail. (-10% HP) [potion of
                  | mutation]
  1694 | D:2      | Gained mutation: Your body sometimes deteriorates upon
                  | taking damage. [potion of mutation]
  1694 | D:2      | Gained mutation: You have an increased reservoir of magic.
                  | (+10% MP) [potion of mutation]
  1694 | D:2      | Gained mutation: You are strong-willed. (Will+) [potion of
                  | mutation]
  1757 | D:3      | Found a faded altar of an unknown god.
  1883 | D:3      | Reached skill level 7 in Stealth
  1883 | D:3      | Reached XP level 5. HP: 22/24 MP: 6/6
  1926 | D:2      | HP: 1/25 [poisoned by an adder]
  2345 | D:2      | HP: 1/25 [gnoll/+0 club (4)]
  2345 | D:2      | Slain by an orc

Illustrated notes

Levels and vault maps discovered:
D:1:      dpeg_arrival_boxes_within_box, layout_basic
D:2:      layout_loops_ring, serial_shops, shop, nicolae_kite_square_tiling_tiny
D:3:      layout_rooms, okawaru_metal_pillars_3, ebering_ecumenical_altar_rust

Skill      XL: |  1  2  3  4 |
---------------+-------------+-----
Stealth        | 6 7 |  7.0
Dodging        | 2 3 |  3.5
Fighting       | 2 |  2.8
Short Blades   | 3 |  3.4
Throwing       | |  2.0

Action                     |  1- 3 |  4- 6 || total
---------------------------+-------+-------++-------
  Melee: Dagger            |    82 |    64 ||   146
         Punch             |     1 |       ||     1
  Throw: Dart              |       |     8 ||     8
    Use: Scroll            |     1 |    10 ||    11
         Potion            |       |     1 ||     1
   Stab: Sleeping          |     5 |     3 ||     8
         Distracted        |       |     1 ||     1
 Armour: Robe              |     4 |     8 ||    12
  Dodge: Dodged            |    63 |    90 ||   153

Table legend: (Time is in decaauts)
 A = Elapsed time spent in this place.
 B = Non-inter-level travel time spent in this place.
 C = Inter-level travel time spent in this place.
 D = Time resting spent in this place.
 E = Time spent auto-exploring this place.
 F = Levels seen in this place.
 G = Mean time per level.
                   A        B        C        D        E       F      G
               +--------+--------+--------+--------+--------+-----+--------+
         Total |   1691 |   1606 |     85 |    439 |    849 |   3 |  563.7 |
       Dungeon |   1691 |   1606 |     85 |    439 |    849 |   3 |  563.7 |
               +--------+--------+--------+--------+--------+-----+--------+

Top non-repeatable levels by time:
     D:2: 948 daAuts
     D:1: 609 daAuts
     D:3: 133 daAuts
